 Dungeon Crawl Stone Soup version 0.31-a0-358-gac0dbeb3ab (webtiles) character file.

Game seed: 12111385772189185803

1969 MacCMillion the Grappler (level 9, -6/72 HPs)
             Began as a Merfolk Shapeshifter on July 26, 2023.
             Was an Initiate of Wu Jian.
             Mangled by an orc warrior
             ... wielding a +0 morningstar
              (14 damage)
             ... on level 4 of the Dungeon.
             The game lasted 00:09:52 (7252 turns).

MacCMillion the Grappler (Merfolk Shapeshifter)     Turns: 7252, Time: 00:09:52

Health: -6/72      AC:  8    Str: 19    XL:     9   Next: 20%
Magic:  9/9        EV:  9    Int:  8    God:    Wu Jian [......]
Gold:   366        SH:  0    Dex: 14    Spells: 8/8 levels left

rFire   . .          .
                       - Unarmed
rCold   . . .        (no shield)
rNeg    . . .        u - +0 chain mail
rPois   .            (helmet currently unavailable)
rElec   .            (cloak currently unavailable)
rCorr   .            (gloves currently unavailable)
SInv    .            (boots currently unavailable)
Will    .....        (no amulet) Stlth
                     (no ring)
HPRegen 0.32/turn    (no ring)
MPRegen 0.11/turn

%: no passive effects
@: beast-form
A: beast (slay +3), (nimble swimmer 2), mertail
a: Begin Untransformation, Renounce Religion


You were on level 4 of the Dungeon.
You worshipped Wu Jian.
Wu Jian was noncommittal.
You were a hulking beast.
You visited 1 branch of the dungeon, and saw 6 of its levels.

You collected 366 gold pieces.

Inventory:

Missiles
 x - 2 poisoned darts
Armour
 a - a +0 animal skin
 i - a +0 ring mail
 u - a +0 chain mail (worn)
Jewellery
 p - a ring of wizardry
Talismans
 c - a beast talisman
Wands
 q - a wand of flame (31)
 r - a wand of iceblast (12)
Scrolls
 d - a scroll of silence {unknown}
 e - 4 scrolls of teleportation {unknown}
 f - 2 scrolls of enchant weapon {unknown}
 k - 3 scrolls of identify {unknown}
 o - 2 scrolls of blinking {unknown}
 s - 4 scrolls of immolation {unknown}
 t - a scroll of fog {unknown}
Potions
 b - 3 potions of lignification
 g - 2 potions of resistance {unknown}
 h - a potion of ambrosia {unknown}
 j - a potion of degeneration {unknown}
 l - a potion of brilliance {unknown}
 m - a potion of might {unknown}
 n - a potion of attraction {unknown}
 v - a potion of curing
 w - a potion of cancellation {unknown}


   Skills:
 + Level 7.4 Fighting
 + Level 4.0 Dodging
 + Level 10.3 Unarmed Combat
 + Level 5.0 Shapeshifting


You had 8 spell levels left.
You didn't know any spells.
Your spell library contained the following spells:

 Spells                   Type           Power      Damage    Failure   Level
 Call Canine Familiar     Summ           0%         N/A       100%        3
 Portal Projectile        Hex/Tloc       0%         N/A       100%        3
 Animate Armour           Summ/Erth      0%         N/A       100%        4
 Animate Dead             Necr           0%         N/A       100%        4
 Leda's Liquefaction      Hex/Erth       0%         N/A       100%        4
 Summon Lightning Spire   Summ/Air       0%         N/A       100%        4
 Borgnjor's Vile Clutch   Necr/Erth      0%         N/A       100%        5
 Lee's Rapid Deconstruct  Erth           0%         3d4*      100%        5
 Death Channel            Necr           0%         N/A       100%        6


Dungeon Overview and Level Annotations

Branches:
Dungeon (6/15)
 Temple: D:4-7

Altars:
Dithmenos
Makhleb
Uskayaw
Wu Jian
Zin

Shops:
D:5 [   D:6 [


Innate Abilities, Weirdness & Mutations

You are a hulking beast.
Your limbs bulge with bestial killing power. (Slay +3)
((You are very nimble when in or above water. (Stealth+, EV+, Speed+++)))
Your lower body shifts to a powerful aquatic tail in water.


Message History

There is a stone staircase leading up, spattered with blood here.
The orc warrior shoots an arrow.
The arrow barely misses you.
The orc warrior shoots an arrow.
The arrow hits you!
The orc warrior unwields a +0 orcbow.
The orc warrior wields a +0 morningstar.
The orc warrior hits you with a +0 morningstar.
You barely miss the orc warrior. You hit the orc warrior.
The orc warrior is lightly wounded.
The orc warrior barely misses you. The orc hits you with a +0 hand axe.
You closely miss the orc warrior.
The orc warrior is lightly wounded.
The orc warrior hits you with a +0 morningstar!
The orc hits you but does no damage.
You punch the orc warrior!
The orc warrior is moderately wounded.
The orc warrior hits you with a +0 morningstar!
You punch the orc warrior!
The orc warrior is severely wounded.
The orc barely misses you.
You hit the orc warrior.
The orc warrior is severely wounded.
The orc warrior hits you with a +0 morningstar.
* * * LOW HITPOINT WARNING * * *
The orc hits you but does no damage.
You hit the orc warrior.
The orc warrior is severely wounded.
The orc warrior closely misses you. The orc closely misses you.
You punch the orc warrior!
The orc warrior is almost dead.
The orc warrior hits you with a +0 morningstar.
* * * LOW HITPOINT WARNING * * *
The orc priest invokes the aid of Beogh against you.
Beogh smites you!
* * * LOW HITPOINT WARNING * * *
The orc hits you but does no damage.
You barely miss the orc warrior.
The orc warrior is almost dead.
The orc warrior hits you with a +0 morningstar!
You die...

...........†..#
...).....#...## ..
.........#.#.# ##..
.........#.#... ...
#........#.######..
#........#.##.....#
#........#.##.....#
#..........##...o.# ##
...........##...h.#..###
..##.......####.o...$o$.
..##.........)....#...#.
####.........<.)..# ...(
#..............# #.#
#######.....#..# .
#.##+##..# ### #+# #..#
... ##.#


You could see an orc warrior, an orc priest and an orc.

Vanquished Creatures
  3 water moccasins (D:6)
  Duvessa (D:5)
  A sky beast (D:4)
  An ice beast (D:6)
  2 ogres
  2 centaurs (D:5)
  2 phantoms
  2 bullfrogs (D:6)
  4 scorpions
  Dowan (D:5)
  A hound (D:6)
  A jelly (D:6)
  An orc priest (D:3)
  A sleepcap (D:6)
  6 iguanas
  An orc wizard (D:3)
  3 gnolls (D:4)
  5 adders
  An ufetubus (D:4)
  2 worms (D:2)
  4 dart slugs
  17 orcs
  5 ball pythons
  8 endoplasms
  5 giant cockroaches
  4 hobgoblins
  6 jackals
  3 quokkas
  5 bats
  2 frilled lizards
  7 goblins
  3 kobolds
  7 rats
117 creatures vanquished.

Notes
Turn   | Place    | Note
-------+----------+-------------------------------------------
     0 | D:1      | MacCMillion the Merfolk Shapeshifter began the quest for
                  | the Orb.
     0 | D:1      | Reached XP level 1. HP: 15/15 MP: 1/1
   168 | D:1      | Reached XP level 2. HP: 15/21 MP: 2/2
  1254 | D:1      | Reached XP level 3. HP: 27/27 MP: 3/3
  1618 | D:2      | Reached skill level 4 in Unarmed Combat
  1970 | D:2      | Reached XP level 4. HP: 34/34 MP: 4/4
  2378 | D:3      | Found a glowing silver altar of Zin.
  2482 | D:3      | Found a shadowy altar of Dithmenos.
  2553 | D:3      | Noticed a scorpion
  2587 | D:3      | Killed a scorpion
  2588 | D:3      | Reached XP level 5. HP: 14/42 MP: 5/5
  2604 | D:3      | Reached skill level 5 in Unarmed Combat
  3070 | D:4      | Noticed an orc warrior
  3385 | D:4      | Noticed a sky beast
  3412 | D:4      | Noticed a phantom
  3426 | D:4      | Killed a phantom
  3427 | D:4      | Reached XP level 6. HP: 31/49 MP: 6/6
  3434 | D:4      | Killed a sky beast
  3435 | D:4      | Reached skill level 5 in Fighting
  3527 | D:4      | Reached skill level 6 in Unarmed Combat
  4138 | D:4      | Found a burning altar of Makhleb.
  4238 | D:4      | Reached XP level 7. HP: 45/56 MP: 7/7
  4292 | D:5      | Entered Level 5 of the Dungeon
  4424 | D:5      | Identified the +4 leather armour of the Burnt God {Will-
                  | Str+5}
  4845 | D:5      | Reached skill level 7 in Unarmed Combat
  4907 | D:5      | Reached XP level 8. HP: 40/65 MP: 8/8
  5210 | D:5      | Noticed Dowan
  5211 | D:5      | Noticed Duvessa
  5235 | D:5      | Killed Duvessa
  5255 | D:5      | Killed Dowan
  5256 | D:5      | Reached skill level 8 in Unarmed Combat
  5445 | D:5      | Found Pirourel's Antique Armour Boutique.
  5620 | D:5      | Found an ornate altar of the Wu Jian Council.
  5750 | D:5      | Became a worshipper of the Wu Jian Council
  5916 | D:6      | Reached skill level 9 in Unarmed Combat
  6209 | D:6      | Found Vyxter's Armour Boutique.
  6248 | D:6      | Reached skill level 10 in Unarmed Combat
  6499 | D:6      | Reached XP level 9. HP: 67/72 MP: 9/9
  6533 | D:6      | Found a hide-covered altar of Uskayaw.
  7127 | D:3      | Reached skill level 5 in Shapeshifting
  7252 | D:4      | Mangled by an orc warrior

Illustrated notes

Levels and vault maps discovered:
D:1:      wheals_arrival_shading, layout_basic
D:2:      layout_basic, grunt_decor_fettered, corexii_corridor_pit
D:3:      layout_basic, mainiacjoe_overflow_paths, zin_statuary,
          lemuel_flame_loot_1
D:4:      layout_basic, lightli_temple_of_fire, chequers_serial_rivers_micro_c,
          guppyfry_early_orc_mine, uniq_eustachio
D:5:      layout_basic, nicolae_wu_jian_immortal_techniques, serial_shops, shop,
          skrybe_limestone_x, uniq_duvessa
D:6:      layout_loops_ring, nicolae_uskayaw_suspiria, serial_shops,
          kennysheep_little_box, kennysheep_cross_bottleneck, kennysheep_nub

Skill      XL: |  1  2  3  4  5  6  7  8  9 |
---------------+----------------------------+-----
Fighting       | 2 3 4 5 6 7 |  7.4
Unarmed Combat | 4 5 6 7 10 | 10.3
Dodging        | 3 4 |  4.0
Shapeshifting  | 5 |  5.0

Action                     |  1- 3 |  4- 6 |  7- 9 || total
---------------------------+-------+-------+-------++-------
  Melee: Unarmed           |    84 |   157 |   153 ||   394
         Punch             |       |       |     5 ||     5
Ability: Lunge             |       |       |    15 ||    15
    Use: Potion            |       |     1 |       ||     1
   Stab: Sleeping          |     2 |       |       ||     2
 Armour: Animal skin       |     3 |       |       ||     3
         Ring mail         |     8 |    39 |       ||    47
         Chain mail        |       |    20 |    48 ||    68
  Dodge: Dodged            |    41 |    64 |    55 ||   160

Table legend: (Time is in decaauts)
 A = Elapsed time spent in this place.
 B = Non-inter-level travel time spent in this place.
 C = Inter-level travel time spent in this place.
 D = Time resting spent in this place.
 E = Time spent auto-exploring this place.
 F = Levels seen in this place.
 G = Mean time per level.
                   A        B        C        D        E       F      G
               +--------+--------+--------+--------+--------+-----+--------+
         Total |   7208 |   6713 |    495 |   1823 |   3673 |   6 | 1201.3 |
       Dungeon |   7208 |   6713 |    495 |   1823 |   3673 |   6 | 1201.3 |
               +--------+--------+--------+--------+--------+-----+--------+

Top non-repeatable levels by time:
     D:3: 1638 daAuts
     D:1: 1436 daAuts
     D:5: 1403 daAuts
     D:6: 1227 daAuts
     D:4: 795 daAuts
     D:2: 707 daAuts
